 Dungeon Crawl Stone Soup version 0.20.1-1-g8b1a95d (webtiles) character file.

295 Lanoc the Insei (level 6, -4/30 HPs)
             Began as a Vine Stalker Transmuter on Dec 16, 2017.
             Slain by Terence
             ... wielding a +8 short sword of flaming
              (8 damage)
             ... on level 3 of the Dungeon.
             The game lasted 00:07:14 (2108 turns).

Lanoc the Insei (Vine Stalker Transmuter)           Turns: 2108, Time: 00:07:15

Health: -4/30      AC:  5    Str: 12    XL:     6   Next: 34%
Magic:  0/11       EV: 13    Int: 15    God:
Gold:   110        SH:  0    Dex: 15    Spells: 5/11 levels left

rFire    . . .     SeeInvis .     - Unarmed
rCold    . . .     Gourm    .   (no shield)
rNeg     . . .     Faith    .   j - +2 robe
rPois    .         Spirit   +   (no helmet)
rElec    .         Reflect  .   (no cloak)
rCorr    .         Harm     .   m - +0 pair of gloves
MR       .....                  (no boots)
Stlth    +.........             (no amulet)
Regen    0.5/turn               (no ring)
MPRegen  0.2/turn               (no ring)

@: appendage
A: fangs 2, horns 2, regeneration 1, magic shield, antimagic bite, no potion
heal 3, rot immunity
a: End Transformation


You were on level 3 of the Dungeon.
You were hungry.
You had grown temporary horns.
You visited 1 branch of the dungeon, and saw 3 of its levels.

You collected 110 gold pieces.

Inventory:

Missiles
 a - 68 arrows
Armour
 j - a +2 robe (worn)
 m - a +0 pair of gloves (worn)
Wands
 r - a wand of confusion (22/48)
Scrolls
 b - a scroll of remove curse
 f - a scroll of fog
 g - a scroll of enchant armour
 l - a scroll of identify
Potions
 e - 3 potions of curing
 h - a potion of ambrosia {unknown}
 o - 3 potions of agility {unknown}
 q - a potion of flight {unknown}
Books
 c - a book of Changes

   Spells                             Type                      Level
   a - Beastly Appendage              Transmutation                1
   b - Sticks to Snakes               Transmutation                2
   c - Spider Form                    Transmutation/Poison         3
   d - Ice Form                       Ice/Transmutation            4
   e - Blade Hands                    Transmutation                5
Comestibles
 d - 3 bread rations
 i - a chunk of flesh
 k - 2 meat rations


   Skills:
 + Level 2.2 Fighting
 + Level 2.6 Dodging
 * Level 4.2 Unarmed Combat
 + Level 3.0 Spellcasting
 * Level 3.8 Transmutations


You had 5 spell levels left.
You knew the following spells:

 Your Spells              Type           Power        Failure   Level  Hunger
a - Beastly Appendage     Tmut           ##....       4%          1    #......
b - Sticks to Snakes      Tmut           ##......     6%          2    ##.....
c - Spider Form           Tmut/Pois      #.........   26%         3    ###....


Dungeon Overview and Level Annotations

Branches:
Dungeon (3/15)

Altars:
Fedhas
Ru
Yredelemnul

Annotations:
D:3 Terence


Innate Abilities, Weirdness & Mutations

You have extremely sharp teeth.
Your natural rate of healing is unusually fast.
When hurt, damage is shared between your health and your magic reserves.
Your bite disrupts and absorbs the magic of your enemies.
Potions cannot restore your health.
You are immune to rotting.
You have a pair of horns on your head.


Message History

Terence barely misses you.
You hit Terence. You bite Terence, but do no damage.
Terence is severely wounded.
Terence hits you with a short sword of flaming!
* * * LOW HITPOINT WARNING * * *
Terence burns you.
You closely miss Terence. You headbutt Terence.
Terence is severely wounded.
Terence hits you with a short sword of flaming.
* * * LOW HITPOINT WARNING * * *
Terence burns you.
* * * LOW HITPOINT WARNING * * *
Casting: Beastly Appendage
Confirm with . or Enter, or press ? or * to list all spells.
You don't have enough magic to cast that spell.
You are feeling hungry.
You barely miss Terence. You headbutt Terence.
Terence is almost dead.
Terence hits you with a short sword of flaming!
You die...

..####........##.......###.##
.........###.##.###.### #.#
##.......# .... ...# #.#
...##.#.....# .#...##.. [..
............# .##. #.# #..
#..##.#.###.# .## .... ....
.#..##.#.# #.# .##..# ####
.........###.##.....#
.#............@@...#
#.#########.####### #.# #.#
..# ###


You could see Terence.

Vanquished Creatures
  Sigmund (D:3)
  The ghost of Lanoc the Ruffian, a weakling VSTm (D:3)
  Ijyb (D:3)
  Jessica (D:2)
  2 adders
  A worm (D:2)
  2 dart slugs
  2 leopard geckos (D:1)
  An orc (D:3)
  A ball python (D:2)
  2 giant cockroaches (D:2)
  3 goblins
  6 hobgoblins
  8 kobolds
  A bat (D:1)
  2 frilled lizards (D:1)
  4 rats
39 creatures vanquished.

Notes
Turn   | Place    | Note
-------+----------+-------------------------------------------
     0 | D:1      | Lanoc the Vine Stalker Transmuter began the quest for the Orb.
     0 | D:1      | Reached XP level 1. HP: 9/9 MP: 4/4
    22 | D:1      | Reached skill level 1 in Fighting
   405 | D:1      | Reached XP level 2. HP: 10/14 MP: 4/6
  1030 | D:1      | Reached XP level 3. HP: 12/18 MP: 4/7
  1245 | D:2      | Found a sacrificial altar of Ru.
  1423 | D:2      | Noticed Jessica
  1428 | D:2      | Killed Jessica
  1428 | D:2      | Gained mutation: Your natural rate of healing is unusually fast. [Vine Stalker growth]
  1428 | D:2      | Reached XP level 4. HP: 17/22 MP: 3/8
  1482 | D:2      | Found a blossoming altar of Fedhas.
  1593 | D:2      | Found a basalt altar of Yredelemnul.
  1798 | D:3      | Noticed Ijyb
  1816 | D:3      | Killed Ijyb
  1896 | D:3      | Reached XP level 5. HP: 23/26 MP: 7/10
  1900 | D:3      | Learned a level 2 spell: Sticks to Snakes
  1904 | D:3      | Learned a level 3 spell: Spider Form
  1924 | D:3      | Noticed Sigmund
  1970 | D:3      | Killed Sigmund
  1970 | D:3      | Reached skill level 4 in Unarmed Combat
  1970 | D:3      | Reached XP level 6. HP: 18/30 MP: 9/11
  2017 | D:3      | Noticed Lanoc's ghost (weakling VSTm)
  2039 | D:3      | Killed Lanoc's ghost
  2095 | D:3      | Noticed Terence
  2108 | D:3      | Slain by Terence

Skill      XL: |  1  2  3  4  5 |
---------------+----------------+-----
Fighting       | 1 2 |  2.2
Dodging        | 2 |  2.6
Transmutations | 3 |  3.8
Unarmed Combat | 4 |  4.2
Spellcasting   | 3 |  3.0

Action                   |  1- 3 |  4- 6 || total
-------------------------+-------+-------++-------
Melee: Unarmed           |    78 |    57 ||   135
       Bite              |    13 |    11 ||    24
       Headbutt          |     2 |     6 ||     8
       Kick              |     7 |     7 ||    14
       Punch             |       |     1 ||     1
 Cast: Beastly Appendage |    16 |     9 ||    25
       Sticks to Snakes  |       |     5 ||     5
  Use: Scroll            |       |     7 ||     7
 Stab: Sleeping          |     2 |       ||     2
  Eat: Chunk             |     2 |     2 ||     4
Armor: Robe              |    15 |     7 ||    22
Dodge: Dodged            |    50 |    21 ||    71
